AoeStats
← Afterchabon

Arena

509547571Analyzed
3v3 RM · 6d ago on Sep 27, 2026· 43m 55s· 6 players
Game mode
Random Map
Map size
Normal (6 player)
Population
200
Speed
Normal
Resources
Standard
Victory
Conquest
Starting age
Dark Age
Ending age
Imperial Age
RankedLock teamsTeams togetherTeam positionsShared explorationLock speedFull tech treeHidden civsTurbo modeCheats
Victory
Defeat
🇦🇷 Khmer · Argentina
1003
+13
🇦🇷 Byzantines · Argentina
975
+14
🇦🇷 Portuguese · Argentina
956
+15
🇨🇳 Turks · China
953
-41
🇨🇳 Slavs · China
929
-18
🇨🇳 Italians · China
916
-13
小怪兽
0:30 Loom
12:06 Feudal Age
16:07 Castle Age
13:58 Man-at-Arms
14:44 Double-Bit Axe
15:00 Horse Collar
17:51 Squires
17:58 Scale Mail Armor
18:52 Long Swordsman
21:26 Forging
28:59 Wheelbarrow
29:43 Chain Mail Armor
30:47 Bow Saw
30:47 Heavy Plow
31:18 Gold Mining
31:18 Stone Mining
30:57 Pikeman
35:19 Imperial Age
34:35 Iron Casting
34:22 Fortified Wall
35:38 Hand Cart
llxhc
5:22 Loom
10:40 Feudal Age
11:14 Feudal Age
15:12 Castle Age
13:30 Double-Bit Axe
17:10 Bow Saw
19:15 Horse Collar
28:13 Imperial Age
25:30 Town Watch
26:21 Wheelbarrow
26:45 Gold Mining
27:42 Stone Mining
28:13 Town Patrol
29:17 Conscription
29:09 Pirotechnia
30:07 Chemistry
29:22 Masonry
28:53 Treadmill Crane
29:24 Padded Archer Armor
29:14 Fletching
31:36 Two-Man Saw
32:02 Ballistics
32:13 Hand Cart
33:19 Architecture
32:30 Treadmill Crane
33:01 Fortified Wall
32:47 Murder Holes
33:12 Leather Archer Armor
32:53 Bodkin Arrow
35:15 Ring Archer Armor
34:46 Bracer
36:42 Onager
41:41 Hoardings
41:13 Scale Barding Armor
SWGaoShou
11:44 Feudal Age
15:52 Castle Age
14:40 Double-Bit Axe
14:38 Horse Collar
32:56 Wheelbarrow
33:34 Squires
33:20 Arson
36:11 Imperial Age
34:49 Thumb Ring
39:05 Ballistics
38:28 Treadmill Crane
38:49 Murder Holes
39:05 Fortified Wall
39:37 Bloodlines
39:28 Husbandry
41:15 Masonry
Pornelius Hubert
9:58 Feudal Age
12:26 Double-Bit Axe
15:32 Castle Age
14:58 Town Watch
15:21 Horse Collar
20:26 Loom
39:48 Wheelbarrow
39:44 Bow Saw
39:48 Heavy Plow
41:41 Hand Cart
43:04 Gold Mining
43:04 Stone Mining
Afterchabon
10:01 Feudal Age
13:25 Castle Age
11:45 Double-Bit Axe
19:46 Wheelbarrow
19:05 Horse Collar
20:44 Heavy Plow
21:34 Bow Saw
23:12 Hand Cart
23:09 Town Watch
23:32 Loom
28:34 Imperial Age
26:19 Gold Mining
29:36 Gold Shaft Mining
29:31 Heavy Scorpion
30:55 Double Crossbow
31:17 Capped Ram
33:59 Chemistry
33:05 Siege Engineers
32:54 Siege Ram
34:36 Town Patrol
40:36 Bloodlines
39:47 Light Cavalry
40:46 Husbandry
41:04 Forging
40:59 Scale Barding Armor
41:23 Hussar
42:31 Stone Mining
43:22 Iron Casting
43:07 Chain Barding Armor
45:12 Blast Furnace
FacuNobre
12:45 Feudal Age
13:58 Double-Bit Axe
13:56 Horse Collar
14:07 Gold Mining
14:09 Stone Mining
21:07 Castle Age
20:19 Forging
20:14 Scale Barding Armor
21:28 Crossbowman
22:36 Fletching
22:46 Padded Archer Armor
25:33 Leather Archer Armor
27:42 Ballistics
30:13 Loom
30:34 Bodkin Arrow
36:35 Imperial Age
36:14 Iron Casting
35:59 Chain Barding Armor
36:51 Chain Barding Armor
37:27 Wheelbarrow
37:01 Arbalester
40:04 Hand Cart
41:14 Chemistry
42:43 Elite Cataphract
43:28 Husbandry
44:05 Plate Barding Armor
43:31 Bracer
44:02 Ring Archer Armor
44:37 Logistica
Connection lost

Rejoining the realm…

Still unreachable

The connection could not be restored.

Session expired

The server has moved on; the page needs a fresh start.